 Dungeon Crawl Stone Soup version bcrawl-1.12-11-gb93c957c58 (webtiles) character file.

Game seed: 15702954539870078030

175 Freyura the Magician (level 5, -12/31 HPs)
             Began as a Fairy Wizard on July 7, 2019.
             Killed by divine providence
             ... invoked by an orc priest
              (15 damage)
             ... on level 3 of the Dungeon.
             The game lasted 00:10:58 (1808 turns).

Freyura the Magician (Fairy Wizard)                 Turns: 1808, Time: 00:10:59

Health: -12/31     AC:  5    Str:  5    XL:     5   Next: 55%
Magic:  14/16      EV: 16    Int: 23    God:
Gold:   171        SH:  4    Dex: 10    Spells: 11/17 levels left

rFire    . . .     SeeInvis .   (weapon restricted)
rCold    . . .     Gourm    .   (shield restricted)
rNeg     + . .     Faith    .   (armour unavailable)
rPois    .         Spirit   .   a - +0 hat
rElec    .         Reflect  .   f - +0 cloak (curse)
rCorr    .         Harm     .   (no gloves)
MR       .....                  (no boots)
Stlth    +.........             q - amulet of magic regeneration
HPRegen  0.10/turn              o - ring of wizardry
MPRegen  0.40/turn              n - ring of positive energy

@: flying evasively
A: small, magic attunement, unstealthy, unfitting armour, able to fly, AC/SH +4
a: Stop Flying


You were on level 3 of the Dungeon.
You were hungry.

You visited 1 branch of the dungeon, and saw 3 of its levels.

You collected 171 gold pieces.

Inventory:

Armour
 a - a +0 hat (worn)
 f - a cursed +0 cloak (worn)
Jewellery
 n - a ring of positive energy (right hand)
 o - a ring of wizardry (left hand)
 q - an amulet of magic regeneration (around neck)
Wands
 k - a wand of paralysis (11)
 v - a wand of acid (12)
Scrolls
 e - a scroll of teleportation
 i - 3 scrolls of identify
 j - a scroll of blinking {unknown}
 m - a scroll of magic mapping {unknown}
 p - a scroll of noise {unknown}
 s - a scroll of enchant weapon {unknown}
 w - a scroll of amnesia {unknown}
Potions
 b - a potion of curing {unknown}
 d - 2 potions of haste
 g - a potion of flight {unknown}
 l - a potion of mutation {unknown}
 t - 2 potions of invisibility {unknown}
 u - 2 potions of degeneration {unknown}
Comestibles
 c - 7 rations {!d}


   Skills:
 + Level 3.0 Dodging
 - Level 1.5 Stealth
 * Level 6.8 Spellcasting
 + Level 2.8 Conjurations
 + Level 1.1 Summonings
   Level 1.0 Translocations


You had 11 spell levels left.
You knew the following spells:

 Your Spells              Type           Power        Failure   Level  Hunger
a - Magic Dart            Conj           ###.         1%          1    None
b - Call Imp              Summ           ##......     3%          2    None
c - Conjure Flame         Conj/Fire      ##......     5%          3    None

Your spell library contained the following spells:

 Spells                   Type           Power        Failure   Level  Hunger
 Slow                     Hex            #.......     3%          1    None
 Blink                    Tloc           N/A          3%          2    None
 Mephitic Cloud           Conj/Pois/Air  ##......     6%          3    None


Dungeon Overview and Level Annotations

Branches:
Dungeon (3/12)

Altars:
Gozag
Wu Jian

Annotations:
D:3 Grinder


Innate Abilities, Weirdness & Mutations

Your spells do not cause hunger and MP costs are reduced by 1.
Your bright wings attract enemies. (Stealth-)
You cannot fit into any form of body armour.
Your shimmering scales are hard and can block incoming attacks. (AC +4, SH +4)
You are small and have problems with some larger weapons.
You can fly continuously.


Message History

Press: ? - help, Shift-Dir - straight line, f/p - iguana
Aim: an iguana (severely wounded, slow)
The magic dart hits the iguana.
The iguana is severely wounded.
The iguana is no longer moving slowly.
Your crimson imp barely misses the iguana.
The kobold barely misses you.
Grinder blinks!
The iguana bites you.
* * * LOW HITPOINT WARNING * * *
Your white imp hits the iguana.
Your white imp freezes the iguana.
Casting: Magic Dart (safe; 1% risk of failure)
Confirm with . or Enter, or press ? or * to list all spells.
Aiming: Magic Dart (safe; 1% risk of failure)
Press: ? - help, Shift-Dir - straight line, f/p - iguana
Aim: an iguana (almost dead)
The magic dart hits the iguana.
You kill the iguana!
Your crimson imp blinks!
The orc priest invokes the aid of Beogh against you.
Beogh smites you!
You die...

###### .§ #..... .o.
#.###. ...# #.....
.o..### #..#.. ....5.>
##.... $...ogg ##...
.....oK## #######..#
......†@#######........#
.....5#5...>......##..##
..... #####.....#..)...#
.... #.#####.####.. ...
#.###...# ## .#
#.#...### #...### #..##
####


You could see 2 orc priests, 2 orcs, a hobgoblin, a goblin, a kobold, 2 friendly
crimson imps and a friendly white imp.

Vanquished Creatures
  A crimson imp (D:3)
  An iguana (D:3)
  An orc wizard (D:3)
  An adder (D:2)
  2 oozes
  A worm (D:2)
  A dart slug (D:3)
  A leopard gecko (D:1)
  5 orcs (D:3)
  2 ball pythons
  4 bats
  5 giant cockroaches
  7 goblins
  8 hobgoblins
  6 jackals
  10 kobolds
  7 frilled lizards
  9 rats
72 creatures vanquished.

Notes
Turn   | Place    | Note
-------+----------+-------------------------------------------
     0 | D:1      | Freyura the Fairy Wizard began the quest for the Orb.
     0 | D:1      | Reached XP level 1. HP: 11/11 MP: 7/7
    77 | D:1      | Reached XP level 2. HP: 17/17 MP: 9/9
    83 | D:1      | Learned a level 2 spell: Call Imp
   146 | D:1      | Reached skill level 5 in Spellcasting
   221 | D:1      | Reached XP level 3. HP: 21/21 MP: 11/11
   863 | D:2      | Reached XP level 4. HP: 27/27 MP: 13/13
   959 | D:2      | Learned a level 3 spell: Conjure Flame
   965 | D:2      | Found a faded altar of an unknown god.
   994 | D:2      | Found an opulent altar of Gozag.
  1462 | D:3      | HP: 1/27 [something (4)]
  1477 | D:3      | Reached skill level 6 in Spellcasting
  1610 | D:3      | Found an ornate altar of the Wu Jian Council.
  1664 | D:3      | Reached XP level 5. HP: 31/31 MP: 15/15
  1801 | D:3      | Noticed Grinder
  1808 | D:3      | Killed from afar by an orc priest

Skill      XL: |  1  2  3  4  5 |
---------------+----------------+-----
Spellcasting   | 5 6 |  6.8
Conjurations   | 2 |  2.8
Dodging        | 3 |  3.0
Stealth        | |  1.5
Summonings     | |  1.1
Translocations | |  1.0

Action                   |  1- 3 |  4- 6 || total
-------------------------+-------+-------++-------
Melee: Whip              |       |    16 ||    16
 Cast: Magic Dart        |    88 |    82 ||   170
       Conjure Flame     |       |     1 ||     1
       Call Imp          |       |     4 ||     4
  Use: Potion            |       |     2 ||     2
       Scroll            |       |     3 ||     3
  Eat: Chunk             |       |     2 ||     2
Armor: Skin              |     6 |    15 ||    21
Dodge: Dodged            |     8 |    46 ||    54
Block: Other             |     5 |    14 ||    19
